[Event "10th Norway Chess 2022"]
[Site "Stavanger"]
[Date "2022.06.02"]
[Round "3.1"]
[White "Mamedyarov, Shakhriyar"]
[Black "Topalov, Veselin"]
[Result "1/2-1/2"]
[ECO "D11"]
[WhiteElo "2770"]
[BlackElo "2730"]
[Annotator "TA"]
[PlyCount "114"]
[EventDate "2022.05.30"]
[EventType "tourn"]
[EventCountry "NOR"]
[SourceTitle "playchess.com"]
[Source "ChessBase"]
[SourceQuality "1"]
[TimeControl "40/7200:0"]

1. d4 d5 2. c4 c6 3. Nf3 Nf6 4. g3 Bf5 5. Nc3 e6 6. Nh4 {[%emt 0:00:15] D11: Slav Defence: 3 Nf3 sidelines and 3...Nf6 4 e3 Bg4.} dxc4 7. Nxf5 exf5 8. e3 Nbd7 9. Bxc4 {[%emt 0:00:13] Hoping for Qb3.} Nb6 10. Bf1 Bd6 11. Bg2 O-O {[%emt 0:00:51] [#]} 12. Qd3 $146 ({Predecessor:} 12. O-O Re8 13. Qb3 Qe7 14. a4 Qe6 15. Qxe6 fxe6 16. a5 Nbd5 17. a6 Reb8 18. axb7 Rxb7 {1-0 (68) Izoria,Z (2589)-King,A (2238) New York 2015}) 12... g6 13. Bd2 Re8 14. O-O-O Qe7 15. f3 c5 16. Kb1 cxd4 $1 17. exd4 Qd7 18. Rhe1 Rxe1 19. Rxe1 Bc5 20. f4 (20. g4 $5) 20... Bf8 21. Qb5 Qxd4 22. Be3 Qd6 23. Rd1 Qe6 24. Bxb6 axb6 25. Bxb7 Ra5 26. Qc6 Rc5 27. Qxe6 fxe6 28. Bf3 Rc7 29. a3 Kf7 30. Na4 Nd7 31. Be2 Rb7 32. b4 e5 33. Bb5 Ke6 34. Kc2 {[%emt 0:07:10] White is more active.} (34. Nc3 $16) 34... exf4 $14 35. gxf4 Bh6 36. Rd4 Nf6 37. Kb3 Nh5 (37... Ke7 $11) 38. Rc4 $1 Bxf4 39. Rc6+ Ke5 40. Nxb6 Bxh2 41. a4 $1 Bg1 42. Nc4+ {[%emt 0:00:16][%mdl 1024] White has compensation.} (42. a5 {feels hotter.} Ng3 43. a6 Rg7 44. Bc4) 42... Kf4 43. Nd6 Re7 44. a5 (44. Rc1 $5 Be3 45. Re1 $11) 44... Nf6 45. Rc1 Bf2 46. Rc2 ({Much weaker is} 46. Rf1 Kg3 $11) 46... Kg3 47. Bc6 Re6 (47... h5 $14) 48. Rd2 (48. Nc8 $1 $16) 48... f4 $2 (48... Ne4 $1 $11 {and Black stays safe.} 49. Nxe4+ fxe4) 49. b5 $18 {[%emt 0:00:00][%cal Od2f2] aiming for Rxf2!} Bc5 {[%emt 0:00:03] [#]} 50. Rd3+ (50. b6 $1 $16 {[%cal Od6c8] Nc8! is the strong threat.} Bxd6 51. a6) 50... Re3 $11 {[%emt 0:00:03] The position is equal.} 51. Ne4+ $1 Nxe4 52. Bxe4 {[%emt 0:00:00][%mdl 4096] Endgame KRB-KRB} f3 53. Kc4 $1 Rxd3 54. Bxd3 Be3 {[%emt 0:00:00] Strongly threatening ...h5.} 55. b6 h5 $1 56. Kb5 {[%emt 0:00:00] a6 would kill now.} ({Not} 56. Bxg6 $2 f2 57. Bd3 h4 $19) 56... h4 {[%emt 0:00:00] White must now prevent ...h3.} 57. a6 {[%emt 0:00:00] And now a7 would win.} Bxb6 {[%emt 0:00:32] Weighted Error Value: White=0.13 (very precise) /Black=0.15 (very precise)} 1/2-1/2

[Event "10th Norway Chess 2022"]
[Site "Stavanger"]
[Date "2022.06.02"]
[Round "3.1"]
[White "Giri, Anish"]
[Black "So, Wesley"]
[Result "1/2-1/2"]
[ECO "E36"]
[WhiteElo "2761"]
[BlackElo "2766"]
[Annotator "TA"]
[PlyCount "61"]
[EventDate "2022.05.30"]
[EventType "tourn"]
[EventCountry "NOR"]
[SourceTitle "playchess.com"]
[Source "ChessBase"]
[SourceQuality "1"]
[TimeControl "40/7200:0"]

1. d4 Nf6 2. c4 e6 3. Nc3 Bb4 4. Qc2 O-O 5. a3 Bxc3+ 6. Qxc3 d5 7. Nf3 b6 {[%emt 0:00:12] E36: Nimzo-Indian: Classical: 4...d5 5 a3.} 8. Bg5 {[%emt 0:00:11] The position is equal.} dxc4 9. Qxc4 Ba6 10. Qa4 h6 11. Bh4 c5 12. dxc5 bxc5 13. Rd1 $1 {[%emt 0:01:11][%mdl 4] is more profitable than 13.Rc1 at the moment.} Qb6 14. Bxf6 gxf6 15. e3 Bxf1 16. Kxf1 Nc6 17. Rb1 Rad8 18. Ke2 Rd5 19. Rhc1 {[%emt 0:01:25] [#]} Rb8 $146 ({Predecessor:} 19... a5 20. Rd1 Rfd8 21. Rxd5 Rxd5 22. b3 Na7 23. Qg4+ Kh8 24. a4 Nc8 25. Qc4 Nd6 {½-½ (39) Palladino,M (2300)-Piacenti,L (2349) ICCF email 2020}) 20. b4 Ne5 21. Nxe5 Rxe5 22. Kf1 Qb5+ 23. Qxb5 Rxb5 24. Ke2 cxb4 25. Rxb4 Rxb4 26. axb4 $11 {[%emt 0:00:04] KR-KR} Rb5 27. Rc4 a5 28. bxa5 Rxa5 29. g3 Kg7 30. Rg4+ Kf8 31. Rc4 {[%emt 0:00:03] An even fight not without its subleties.  Weighted Error Value: White=0.02 (flawless) /Black=0.01 (flawless)} 1/2-1/2

[Event "10th Norway Chess 2022"]
[Site "Stavanger"]
[Date "2022.06.02"]
[Round "3.1"]
[White "Anand, Viswanathan"]
[Black "Wang, Hao"]
[Result "1/2-1/2"]
[ECO "B33"]
[WhiteElo "2751"]
[BlackElo "2744"]
[Annotator "TA"]
[PlyCount "77"]
[EventDate "2022.05.30"]
[EventType "tourn"]
[EventCountry "NOR"]
[SourceTitle "playchess.com"]
[Source "ChessBase"]
[SourceQuality "1"]
[TimeControl "40/7200:0"]

1. e4 c5 2. Nf3 Nc6 3. d4 cxd4 4. Nxd4 Nf6 5. Nc3 e5 6. Ndb5 d6 7. Bg5 a6 8. Na3 b5 9. Nd5 Be7 10. Bxf6 Bxf6 11. c3 Rb8 12. Nc2 Bg5 13. a3 (13. a4 {with more complications.} bxa4 14. Nce3 Rxb2 15. Qxa4 Bd7 16. Bxa6 Qb8 17. O-O) 13... a5 {[%emt 0:01:00] B33: Sicilian: Pelikan and Sveshnikov Variations.} 14. Bd3 Ne7 15. Nce3 Bxe3 {[%emt 0:14:24] The position is equal.} 16. Nxe3 O-O 17. O-O Be6 18. Qe2 Qb6 19. Rfd1 Rfd8 20. Rd2 {[%emt 0:00:50] [#]} g6 $146 ({Predecessor:} 20... Qc5 21. Rad1 b4 22. axb4 axb4 23. Bc4 bxc3 24. bxc3 Bxc4 25. Nxc4 Ng6 26. g3 Rb3 27. Rd5 Qc7 28. Nxd6 Rdb8 29. c4 f6 30. Nb5 Qb6 31. Qa2 {1-0 (31) Roser,K (2319)-Sarthou,G (2326) France 1999}) 21. a4 b4 22. Bb5 bxc3 23. bxc3 Rbc8 24. Rd3 d5 25. Nxd5 (25. exd5 {keeps more tension.} Bxd5 26. Rad1 Be6 27. Rxd8+ Rxd8 28. c4) 25... Nxd5 (25... Bxd5 {looks sharper.} 26. exd5 Rxd5 27. Rad1 Rxd3 28. Rxd3 Qf6) 26. exd5 Rxd5 27. Rxd5 Bxd5 28. Qxe5 Bc4 29. Rb1 Qc5 30. Qe1 Bxb5 (30... h5 $11 {remains equal.}) 31. Rxb5 $16 Qxc3 (31... Qc6 $16) 32. Qxc3 $18 Rxc3 $11 {[%emt 0:00:04][%cal Rc3c1][%mdl 4096] [#] Endgame KR-KR} 33. g3 Ra3 34. Rxa5 h5 35. h4 {[%emt 0:00:16] Threatens to win with Ra8+.} Kg7 {[%emt 0:00:24] [#]} 36. Ra6 (36. Ra7 $1 $16) 36... Kf8 $2 (36... f6 $14 37. a5 g5 38. hxg5 Ra1+ 39. Kg2 fxg5) 37. Kg2 {[%emt 0:00:24] White has a decisive advantage.} Kg8 38. a5 Kg7 39. Ra7 {[%emt 0:01:44] Weighted Error Value: White=0.09 (flawless) /Black=0.28 (precise)} (39. Ra8 $18) 1/2-1/2

[Event "10th Norway Chess 2022"]
[Site "Stavanger"]
[Date "2022.06.06"]
[Round "6.1"]
[White "Carlsen, Magnus"]
[Black "Mamedyarov, Shakhriyar"]
[Result "1-0"]
[ECO "D78"]
[WhiteElo "2864"]
[BlackElo "2770"]
[Annotator "TA"]
[PlyCount "112"]
[EventDate "2022.05.30"]
[EventType "tourn"]
[EventCountry "NOR"]
[SourceTitle "playchess.com"]
[Source "ChessBase"]
[SourceQuality "1"]
[TimeControl "40/7200:0"]

1. Nf3 d5 2. g3 g6 3. Bg2 Bg7 4. d4 Nf6 5. O-O O-O 6. c4 c6 7. Nc3 dxc4 8. e4 {[%emt 0:00:34] seems to push 8.Ne5 aside.} Bg4 9. h3 {[%emt 0:02:16] D78: Fianchetto Grünfeld: 6 0-0 c6.} Bxf3 10. Bxf3 e5 11. dxe5 {[%emt 0:00:18] The position is equal.} Nfd7 12. e6 fxe6 13. Be3 {[%emt 0:00:09] Prevents Nc5.} Qe7 14. Bg2 Na6 {[%emt 0:22:47][%cal Bb8a6,Ba6b4,Bb4c2][%mdl 32] [#]} 15. Qe2 $146 ({Predecessor:} 15. f4 Nb6 16. a4 Rad8 17. Qe2 Bd4 18. Bxd4 Rxd4 19. a5 Nc8 20. Rfd1 Rfd8 21. Rxd4 Rxd4 {0-1 (67) Abdala,H (2180)-Tugsavul,U (2365) ICCF email 2008}) 15... Nb4 16. Qxc4 Nc2 17. Nd5 $1 cxd5 18. Qxc2 d4 19. Bd2 Rac8 20. Qb3 Nc5 21. Qa3 Qd7 22. Rac1 b6 23. e5 Bxe5 24. Rfe1 Bg7 25. b4 {[%emt 0:00:59] Prevents a5.} Na4 ({Much less strong is} 25... Qf7 26. f4 Nd7 27. Qxa7 $16) 26. Rxc8 Rxc8 27. Qb3 Nc3 28. Rxe6 {[%emt 0:07:03][%cal Re6e8] [#]} Kh8 29. Kh2 Re8 30. Rxe8+ Qxe8 31. Qc4 h6 32. a3 a5 33. bxa5 bxa5 34. Bf1 Qf8 35. Kg2 Ne4 {[%emt 0:03:21] [#]} 36. Be1 Qxa3 37. Bd3 Nd6 38. Qa6 Nf5 39. h4 {[%emt 0:04:33] And now h5 would win.} h5 40. Bxa5 Kh7 41. Qb5 Qf8 42. Qd5 Qd6 43. Qf3 (43. Qxd6 $16 {Intending Qe6 and mate.} Nxd6 44. Bb4) 43... Qe5 (43... Qa3 $11 44. Bxf5 Qxf3+ 45. Kxf3 gxf5) 44. Bd8 Qe6 45. Qb7 Nd6 46. Qc6 {[%emt 0:02:41] White is more active.} Qb3 $2 {[%emt 0:01:45][%mdl 8192] Black cannot hold the game after this.} (46... Bf6 $16) 47. Bxg6+ $1 $18 Kxg6 48. Qxd6+ {[%emt 0:00:00][%mdl 4096] Endgame KQB-KQB} Kh7 49. Qd7 {[%emt 0:01:29] Against Qb7+. Bf6 is the strong threat.} Kg6 {[%emt 0:00:00] Prevents Bf6.} 50. Qc6+ Kf7 51. Qc5 Qb7+ (51... Qd1 $142 52. Qd5+ Kg6 53. Qe6+ Kh7) 52. f3 Ke8 (52... Qd7 $142 53. Qxh5+ Kf8) 53. Bc7 {[%emt 0:00:38] White is clearly winning.} Qb2+ 54. Kh3 d3 55. Qxh5+ Kd7 56. Qf7+ Kc6 {[%emt 0:00:00] Weighted Error Value: White=0.03 (flawless) /Black=0.28 (precise)} 1-0

[Event "10th Norway Chess 2022"]
[Site "Stavanger"]
[Date "2022.06.06"]
[Round "6.1"]
[White "Radjabov, Teimour"]
[Black "Topalov, Veselin"]
[Result "1/2-1/2"]
[ECO "E36"]
[WhiteElo "2753"]
[BlackElo "2730"]
[Annotator "TA"]
[PlyCount "62"]
[EventDate "2022.05.30"]
[EventType "tourn"]
[EventCountry "NOR"]
[SourceTitle "playchess.com"]
[Source "ChessBase"]
[SourceQuality "1"]
[TimeControl "40/7200:0"]

1. d4 Nf6 2. c4 e6 3. Nc3 Bb4 4. Qc2 d5 5. a3 Bxc3+ 6. Qxc3 O-O 7. Nf3 dxc4 8. Qxc4 b6 9. Bg5 {[%emt 0:02:35] E36: Nimzo-Indian: Classical: 4...d5 5 a3.} Bb7 10. Rd1 Nbd7 11. Ne5 h6 12. Bh4 c5 13. Nxd7 Qxd7 14. Bxf6 gxf6 15. dxc5 Qc7 16. h4 Rfd8 {[%emt 0:05:12] The position is equal.} 17. Rxd8+ Rxd8 18. Rh3 Rd5 $1 (18... Qd7 $2 19. Rd3 Qe8 20. Rxd8 Qxd8 21. c6 $18) 19. Rg3+ Kf8 20. Rc3 Rxc5 21. Qb4 {[%emt 0:00:49] [#]} Kg7 $146 ({Predecessor:} 21... a5 22. Rxc5 bxc5 23. Qc3 Kg7 24. e3 Qb6 25. g3 Bd5 26. Be2 Bb3 27. g4 e5 {½-½ (35) Dreev,A (2662)-Gelfand,B (2686) Douglas 2019}) 22. Rxc5 bxc5 $11 {[%emt 0:01:59][%mdl 4096] Endgame KQB-KQB} 23. Qc3 Qh2 24. Qxc5 Bxg2 25. Bxg2 Qxg2 26. Qxa7 {[%emt 0:00:29] Qd4 is the strong threat. KQ-KQ} Qh1+ 27. Kd2 {[%emt 0:01:44] [#] Strongly threatening Qd4.} Qd5+ 28. Kc3 {[%emt 0:01:09] Threatens to win with a4.} Qc6+ 29. Kd2 {[%emt 0:00:52] Black must now prevent Qd4.} Qd5+ 30. Kc3 {[%emt 0:00:07] aiming for Qd4.} Qc6+ 31. Kd2 {[%emt 0:00:04] [#] And now Qd4 would win.} Qd5+ {[%emt 0:00:07] An interesting draw.  Weighted Error Value: White=0.02 (flawless) /Black=0.00 (flawless)} 1/2-1/2

[Event "10th Norway Chess 2022"]
[Site "Stavanger"]
[Date "2022.06.09"]
[Round "8.1"]
[White "Carlsen, Magnus"]
[Black "Vachier-Lagrave, Maxime"]
[Result "1/2-1/2"]
[ECO "D85"]
[WhiteElo "2864"]
[BlackElo "2750"]
[Annotator "TA"]
[PlyCount "157"]
[EventDate "2022.05.30"]
[EventType "tourn"]
[EventCountry "NOR"]
[SourceTitle "playchess.com"]
[Source "ChessBase"]
[SourceQuality "1"]
[TimeControl "40/7200:0"]

1. d4 Nf6 2. c4 g6 3. Nc3 d5 4. cxd5 Nxd5 5. e4 Nxc3 6. bxc3 Bg7 7. Bb5+ c6 8. Ba4 b5 9. Bb3 a5 {[%emt 0:00:08] D85: Exchange Grünfeld: Unusual White 7th moves and lines with 7 Nf3.} (9... b4 $5) 10. Nf3 O-O 11. O-O a4 {[%emt 0:01:07] White is slightly better.} 12. Bc2 c5 13. Rb1 Bg4 {[%emt 0:12:59] [#]} 14. e5 $146 ({Predecessor:} 14. Rxb5 Bxf3 15. Qxf3 cxd4 16. cxd4 Nc6 17. Be3 Nxd4 18. Bxd4 Qxd4 19. a3 Rfd8 20. Rb4 {½-½ (83) Moroni,L (2588)-Deac,B (2679) Chess.com INT 2022}) 14... Nc6 15. Be4 (15. Rxb5 cxd4 16. Be4 (16. cxd4 Bxf3 17. gxf3 Nxd4 $15) 16... Nxe5 $1 17. cxd4 (17. Bxa8 Qxa8 18. Rxe5 Bxe5 $17) 17... Nxf3+ 18. gxf3 Bd7 $15) 15... Rc8 16. h3 Bxf3 17. Qxf3 Qd7 18. Bd3 (18. Rxb5 $2 Nxd4 $1 19. cxd4 Qxb5 $19) (18. Bxc6 $11 Rxc6 19. Be3 (19. Rxb5 cxd4 20. Rd5 Qc7 $15)) 18... cxd4 $15 19. Bxb5 dxc3 20. Qxc3 Qd5 (20... Qf5 $5 21. Qd3 Qxd3 22. Bxd3 Bxe5 $15) 21. Bxa4 (21. Qe3 $11) 21... Qxa2 (21... Bxe5 22. Qb3 Qe4 23. Qc2 Qxc2 24. Bxc2 $11) 22. Ra1 Nxe5 {[%emt 0:05:02] Hoping for ...Qxa4.} 23. Rxa2 Rxc3 24. Bd2 Rcc8 25. Bb5 Rc5 26. Be2 Nc6 27. Rc1 Rxc1+ 28. Bxc1 Rb8 29. Be3 Bd4 30. Bh6 Bg7 31. Be3 {[%emt 0:00:11] This bishop pair is nice.} h5 32. g3 e6 33. Kg2 Nb4 34. Rd2 Nd5 35. Rd3 Nxe3+ 36. Rxe3 $17 {[%emt 0:00:01][%mdl 4096] Endgame KRB-KRB} Bd4 37. Rd3 e5 38. Rd2 Kg7 39. h4 Kh6 40. f4 (40. Bc4 $15) 40... Be3 $1 41. Rd7 exf4 42. gxf4 f5 43. Kf3 Bc1 44. Bc4 Rc8 ({Inferior is} 44... Rb4 45. Rc7 $17) 45. Bf7 (45. Bd3 $17) 45... Rc3+ $19 46. Kg2 Bxf4 47. Bg8 g5 48. Be6 Kg6 (48... gxh4 $19 {has better winning chances.} 49. Bxf5 Re3) 49. Rd5 $17 g4 ({Better is} 49... gxh4 $17 {Threatens to win with ...h3+.} 50. Bxf5+ Kh6) 50. Bxf5+ $15 Kf6 {[%emt 0:00:00] And now ...Rh3 would win.} 51. Bh7 Be5 {[%emt 0:00:50] aiming for ...Rg3+.} 52. Bg6 g3 (52... Kxg6 53. Rxe5 Rh3 54. Rg5+ Kh6 55. Ra5 $15) (52... Rh3 $17 53. Bxh5 Rh2+ 54. Kf1 Rh1+ 55. Ke2 Rh2+ 56. Ke3 Rxh4) 53. Ra5 Rc4 54. Ra6+ Kg7 55. Bxh5 (55. Re6 $11) 55... Rxh4 $17 ({Don't play} 55... Rc2+ $6 56. Kf3 $11) 56. Rg6+ Kh7 57. Rg5 Rh2+ 58. Kf3 $2 (58. Kg1 $17) 58... Rf2+ $19 59. Kg4 {[%emt 0:00:00] [#]} Bf4 $1 60. Rg6 Rf1 61. Kf5 {[%emt 0:00:00] [#]} Bg5+ $1 62. Ke4 Rf4+ 63. Kd3 Rf5 64. Ke4 Rf4+ 65. Kd3 $1 {[%emt 0:00:00] [#]} Bh4 $1 66. Re6 g2 67. Rg6 Rf5 {[%emt 0:00:25] ( -> ...Rg5)} 68. Rxg2 Rxh5 $17 {[%emt 0:00:00] KRB-KR} 69. Ke4 Bf6 70. Kf4 Bg7 71. Ke4 Kg8 72. Rg6 Kf7 73. Ra6 Bf6 74. Ra8 Rh4+ 75. Kf5 Rh5+ 76. Ke4 $1 Rb5 {[%emt 0:00:00] Against Rb8. Black is better.} 77. Kf4 Be5+ 78. Ke4 Bd6 79. Rh8 {[%emt 0:00:00] White happily takes the draw.  Weighted Error Value: White=0.29 (precise) /Black=0.11 (very precise)} 1/2-1/2

[Event "10th Norway Chess 2022"]
[Site "Stavanger"]
[Date "2022.06.09"]
[Round "8.1"]
[White "So, Wesley"]
[Black "Topalov, Veselin"]
[Result "1/2-1/2"]
[ECO "C67"]
[WhiteElo "2766"]
[BlackElo "2730"]
[Annotator "TA"]
[PlyCount "63"]
[EventDate "2022.05.30"]
[EventType "tourn"]
[EventCountry "NOR"]
[SourceTitle "playchess.com"]
[Source "ChessBase"]
[SourceQuality "1"]
[TimeControl "40/7200:0"]

1. e4 e5 2. Nf3 Nc6 3. Bb5 Nf6 4. O-O Nxe4 5. Re1 Nd6 6. Nxe5 Be7 7. Bf1 Nxe5 8. Rxe5 O-O 9. d4 Bf6 10. Re1 Re8 {[%emt 0:00:18] C67: Ruy Lopez: Berlin Defence: 4 0-0 Nxe4.} 11. c3 Rxe1 12. Qxe1 Ne8 13. a4 a5 14. Bf4 d5 15. Nd2 {[%emt 0:00:06] [#]} c6 $146 ({Predecessor:} 15... Nd6 16. Nb3 Bf5 17. Nc5 b6 18. Nd3 Qf8 19. Qe3 Nc4 20. Qf3 Bxd3 21. Bxd3 Nxb2 {1-0 (33) Kovalev,V (2648)-Sadhwani,R (2545) Chess.com INT 2020}) 16. h3 g6 17. Nf3 Nd6 18. Bd3 Bf5 {[%emt 0:04:13] The position is equal.} 19. Bxf5 Nxf5 20. Qe2 Qe7 21. Re1 Qxe2 22. Rxe2 Ng7 23. Be5 Bxe5 24. Nxe5 $11 {[%emt 0:00:18][%mdl 4096] Endgame KRN-KRN} f6 25. Nd3 {[%emt 0:03:02] Strongly threatening Re7.} Kf7 {[%emt 0:00:51] Prevents Re7+.} 26. g4 Ne6 27. Kg2 h5 28. Re3 hxg4 29. hxg4 g5 30. Rh3 Kg6 31. Re3 Kf7 32. Rh3 {[%emt 0:00:21] An uneventful encounter.  Weighted Error Value: White=0.04 (flawless) /Black=0.03 (flawless)} 1/2-1/2

[Event "10th Norway Chess 2022"]
[Site "Stavanger"]
[Date "2022.06.09"]
[Round "8.1"]
[White "Giri, Anish"]
[Black "Tari, Aryan"]
[Result "1-0"]
[ECO "D02"]
[WhiteElo "2761"]
[BlackElo "2654"]
[Annotator "TA"]
[PlyCount "121"]
[EventDate "2022.05.30"]
[EventType "tourn"]
[EventCountry "NOR"]
[SourceTitle "playchess.com"]
[Source "ChessBase"]
[SourceQuality "1"]
[TimeControl "40/7200:0"]

1. Nf3 d5 2. d4 Nf6 3. Bf4 c5 4. e3 Nc6 5. Nbd2 Bg4 6. c3 e6 7. Qb3 {[%emt 0:01:41] D02: 1 d4 d5 2 Nf3 sidelines, including 2...Nf6 3 g3 and 2...Nf6 3 Bf4.} Qc8 8. h3 Bh5 9. Be2 $1 {[%emt 0:00:24][%mdl 4] White is slightly better. is recently more successful than 9.g4.} Be7 10. dxc5 Bxc5 {[%emt 0:13:20] [#]} 11. g4 $146 ({Predecessor:} 11. c4 O-O 12. O-O Rd8 13. cxd5 Nxd5 14. Bg5 Be7 15. Bxe7 Ndxe7 16. Rfd1 Qc7 17. Rac1 {0-1 (69) Pakleza,Z (2501)-Hovhannisyan,R (2642) Tornelo INT 2020}) 11... Bg6 12. Nh4 Qd7 13. Nxg6 hxg6 14. g5 $36 {[%emt 0:03:23][%mdl 2048] White is more active.} Nh5 (14... Ne4 15. Nxe4 dxe4 16. Rd1 $16) 15. Bh2 a6 16. O-O-O b5 {[%emt 0:04:08] Inhibits c4.} 17. Kb1 Bd6 18. Bxd6 Qxd6 19. c4 {[%emt 0:11:24] cxd5 is the strong threat.} O-O 20. cxd5 (20. cxb5 $6 axb5 21. Rc1 Na5 22. Qxb5 Rfb8 $11) 20... exd5 21. Nf3 {[%emt 0:07:26] Inhibits d4.} (21. Ne4 $6 Qe7 22. Qxd5 Nb4 $11) 21... Rad8 22. h4 Rfe8 (22... Qe7 $14) 23. Nd4 $16 Ne5 24. Qa3 (24. Rc1 $16) 24... Qb6 (24... Qxa3 $14 25. bxa3 Nc4) 25. b3 Rc8 26. Qb2 Qd6 27. Rc1 Qd7 28. Rxc8 Rxc8 29. Qd2 Ng4 30. Bf1 Qe7 {[%emt 0:01:24] Threatens to win with ...Qe4+.} 31. Bg2 {[%emt 0:00:34] Against Qe4+} Qe5 32. a3 Kh7 33. Ka2 $1 {[%emt 0:00:05] aiming for Bh3.} f5 34. Bf3 Qd6 35. Bd1 Re8 36. Bf3 Rc8 $1 37. Qe2 Rf8 (37... Qe5 $16) 38. b4 Qe5 39. Qd2 (39. Qc2 $18) 39... Rc8 40. Nb3 Rc4 41. Rd1 (41. Bxd5 Nxf2 $1 42. Bxc4 bxc4 $17) 41... f4 (41... Rc8 $142) 42. exf4 $2 (42. Bxg4 $6 fxe3 43. Qb2 (43. fxe3 Rxg4 44. Qxd5 Qxe3 $17) (43. Qe2 Nf4 $14) 43... Qxb2+ 44. Kxb2 Rxg4 45. fxe3 Rxh4 $16) (42. Na5 $1 $16 fxe3 43. Nxc4 $1 dxc4 44. fxe3) 42... Rxf4 $11 43. Nd4 Qc7 44. Kb1 {[%emt 0:01:38] Hoping for Ne6.} ({Not} 44. Bxd5 $2 Rxf2 45. Ne6 (45. Ne2 $2 Nf4 $19) 45... Qf7 $19) 44... Qf7 {[%emt 0:00:00] Prevents Ne6.} 45. Qe2 Nh2 46. Bxh5 gxh5 47. Qd3+ (47. Qc2+ $1 $11 Qg6 48. Ne6 Qxc2+ 49. Kxc2 Rxf2+ 50. Kd3) 47... Qg6 $1 $17 48. Ne6 Rxf2 (48... Rf5 $1 $17 49. Nc5 Nf3 50. Nxa6 Nxh4) 49. Qxg6+ $11 Kxg6 50. Rxd5 $17 {[%emt 0:00:00][%mdl 4096] Endgame KRN-KRN} Kf7 51. Nc7 Nf3 52. Rd7+ Kg6 53. Ne8 Re2 (53... Nxh4 $2 54. Rxg7+ Kf5 55. Rf7+ Kxg5 56. Rxf2 $18) 54. Rxg7+ Kf5 55. Rf7+ Kg4 56. Nf6+ Kxh4 57. g6 Nd2+ $2 {[%emt 0:00:00][%mdl 8192] [#]} (57... Re1+ $11 58. Kc2 Re2+ 59. Kd1 Re1+ 60. Kc2 Re2+ 61. Kd1 Re1+ 62. Kc2) 58. Kc1 $1 $18 Ne4 59. Re7 (59. Nxe4 $142 Rxe4 60. g7 Re1+ 61. Kd2) 59... Nc3 $2 {[%emt 0:00:06] [#]} (59... Rg2 $18) 60. Rxe2 $1 ({Stronger than} 60. g7 Na2+ 61. Kb1 Nc3+ 62. Kc1 Na2+ 63. Kd1 Nc3+ 64. Kc1 $11) 60... Nxe2+ 61. Kd2 {[%emt 0:00:09] Weighted Error Value: White=0.21 (precise) /Black=0.29 (precise)} 1-0

[Event "10th Norway Chess 2022"]
[Site "Stavanger"]
[Date "2022.06.09"]
[Round "8.1"]
[White "Radjabov, Teimour"]
[Black "Wang, Hao"]
[Result "1/2-1/2"]
[ECO "C43"]
[WhiteElo "2753"]
[BlackElo "2744"]
[Annotator "TA"]
[PlyCount "57"]
[EventDate "2022.05.30"]
[EventType "tourn"]
[EventCountry "NOR"]
[SourceTitle "playchess.com"]
[Source "ChessBase"]
[SourceQuality "1"]
[TimeControl "40/7200:0"]

1. e4 {[%emt 0:00:05] Huzman,A} e5 2. Nf3 Nf6 3. d4 Nxe4 4. Bd3 Nc6 5. dxe5 Nc5 6. Nc3 {[%emt 0:16:52] C43: Petroff Defence: 3 d4.} Nxd3+ 7. Qxd3 d6 8. Bf4 dxe5 {[%emt 0:01:44] [#]} 9. Qxd8+ $146 ({Predecessor:} 9. Nxe5 Qxd3 10. Nxd3 Bd6 11. Nb5 a6 12. Nxd6+ cxd6 13. Bxd6 Bf5 14. O-O-O O-O-O 15. Nf4 {1-0 (35) Rublevsky,S (2671)-Iordachescu,V (2627) Tripoli 2004 CBM 102 [Huzman,A]}) 9... Nxd8 10. Bxe5 {[%emt 0:00:24] Nd5 is the strong threat.} Ne6 11. O-O-O Bd7 12. Nd4 Nxd4 13. Rxd4 O-O-O 14. Rhd1 f6 15. Bg3 c6 $1 {[%emt 0:11:01] Prevents Nd5.} 16. Ra4 $36 {[%emt 0:13:05][%mdl 2048] White is more active.} a6 17. Rad4 {[%emt 0:01:04] aiming for Na4.} Bc5 {[%emt 0:02:05] [#]} 18. Ne4 $1 Be7 19. Bd6 Rhe8 20. Bxe7 Rxe7 21. Nc5 b6 (21... a5 $1 $11) 22. Nxd7 {[%emt 0:10:29] White is more active.} (22. Nxa6 $16 Kb7 23. Nb4) 22... Rexd7 {[%emt 0:00:26] The position is equal.} 23. Rxd7 Rxd7 $16 {[%emt 0:00:05][%mdl 4096] Endgame KR-KR} 24. Re1 Kc7 25. Re6 Rd6 26. Re7+ Rd7 27. Re6 Rd6 28. Re7+ Rd7 29. Re6 {[%emt 0:00:04] An even fight not without its subleties.  Weighted Error Value: White=0.06 (flawless) /Black=0.06 (flawless)} 1/2-1/2

[Event "10th Norway Chess 2022"]
[Site "Stavanger"]
[Date "2022.06.09"]
[Round "8.1"]
[White "Anand, Viswanathan"]
[Black "Mamedyarov, Shakhriyar"]
[Result "0-1"]
[ECO "C42"]
[WhiteElo "2751"]
[BlackElo "2770"]
[Annotator "TA"]
[PlyCount "43"]
[EventDate "2022.05.30"]
[EventType "tourn"]
[EventCountry "NOR"]
[SourceTitle "playchess.com"]
[Source "ChessBase"]
[SourceQuality "1"]
[TimeControl "40/7200:0"]

1. e4 e5 2. Nf3 Nf6 3. Nxe5 d6 4. Nf3 Nxe4 5. Bd3 Nf6 6. O-O {[%emt 0:00:22] C42: Petroff Defence: 3 Nxe5 and unusual White 3rd moves.} Be7 7. Re1 O-O {[%emt 0:00:04] The position is equal.} 8. Bf1 d5 9. d4 Re8 10. c4 Bg4 11. Nc3 Nc6 12. cxd5 Nxd5 13. h3 Bh5 14. a3 {[%emt 0:07:34] [#]} Nxc3 $146 ({Predecessor:} 14... Qd7 15. g4 Bg6 16. Bg2 Nxc3 17. bxc3 Bd6 18. Be3 Be4 19. c4 b6 20. c5 Bf8 21. Ne5 Qd5 22. Bxe4 Qxe4 23. Nxc6 Qxc6 24. d5 Qa4 25. Qxa4 {1-0 (25) Grischuk,A (2766)-Duda,J (2737) Chess.com INT 2018}) 15. bxc3 Bd6 16. Be3 Qf6 17. Bd3 h6 18. g4 Bg6 {[%emt 0:01:49] [#] Threatens to win with ...Bxd3.} 19. Kg2 Bxd3 20. Qxd3 Ne7 21. Bd2 Ng6 {[%emt 0:11:44][%cal Of6f3] Strongly threatening ...Qxf3+!} 22. Qb5 $2 {[%emt 0:03:00][%mdl 8192] Weighted Error Value: White=0.05 (flawless) /Black=0.04 (flawless)} (22. Qf5 $11) 0-1